 Dungeon Crawl Stone Soup version 0.17.1-3-g152610e (webtiles) character file.

112 juanjsm the Sneak (level 4, -2/21 HPs)
             Began as a Spriggan Enchanter on Apr 21, 2016.
             Succumbed to poison (a potion of poison)
             ... on level 3 of the Dungeon.
             The game lasted 00:06:26 (1274 turns).

juanjsm the Sneak (Spriggan Enchanter)              Turns: 1274, Time: 00:06:26

Health: -2/21      AC:  3    Str:  4    XL:     4   Next: 64%
Magic:  2/9        EV: 19    Int: 17    God:
Gold:   106        SH:  0    Dex: 16    Spells: 4 memorised, 0 levels left

rFire  . . .     SeeInvis +     a - +1 dagger
rCold  . . .     Clarity  .     b - +1 robe
rNeg   . . .     SustAt   .     (shield restricted)
rPois  .         Gourm    .     (helmet restricted)
rElec  .         Spirit   .     (no cloak)
rCorr  .         Warding  .     (gloves unavailable)
rMut   .         Rnd*Tele +     (boots unavailable)
MR     .....                    k - amulet of inaccuracy (curse)
Stlth  ++++......               (no ring)
                                p - ring of teleportation (curse)

@: lethally poisoned (-2 -> -42), very quick, not resistant to hostile
enchantments, stealthy
A: unfitting armour, see invisible, herbivore 3, speed 3, slow metabolism 2
a: Evoke Teleportation


You were on level 3 of the Dungeon.
You were not hungry.

You visited 1 branch of the dungeon, and saw 3 of its levels.

You collected 106 gold pieces.

Inventory:

Hand Weapons
 a - a +1 dagger (weapon)
 h - a +2 hunting sling of flaming
Armour
 b - a +1 robe (worn)
Jewellery
 k - a cursed amulet of inaccuracy (around neck)
 p - a cursed ring of teleportation (left hand)
Scrolls
 f - 4 scrolls of blinking {unknown}
 g - a scroll of fog {unknown}
 j - 2 scrolls of identify {unknown}
 n - a scroll of recharging {unknown}
 o - a scroll of fear {unknown}
Potions
 e - 3 potions of agility {unknown}
 i - a potion of might {unknown}
 l - a potion of curing {unknown}
 m - a potion of lignification {unknown}
 q - a potion of poison
Books
 c - a book of Maledictions

   Spells                             Type                      Level
   a - Corona                         Hexes                        1
   b - Ensorcelled Hibernation        Hexes/Ice                    2
   c - Confuse                        Hexes                        3
   d - Tukima's Dance                 Hexes                        3
   e - Dazzling Spray                 Conjuration/Hexes            3
Comestibles
 d - a bread ration


   Skills:
 + Level 0.7 Fighting
 + Level 1.5 Short Blades
 + Level 3.8 Dodging
 + Level 6.4 Stealth
 + Level 3.1 Spellcasting
 + Level 4.2 Hexes
 + Level 0.4 Ice Magic


You couldn't memorise any spells.
You knew the following spells:

 Your Spells              Type           Power        Failure   Level  Hunger
a - Corona                Hex            ###....      3%          1    None
b - Ensorcelled Hibernat  Hex/Ice        ##....       12%         2    ##.....
c - Confuse               Hex            ###.....     12%         3    ###....
d - Dazzling Spray        Conj/Hex       #.......     24%         3    ###....


Dungeon Overview and Level Annotations

Branches:
Dungeon (3/15)

Altars:
Elyvilon
Makhleb

Annotations:
D:3 Natasha; Shotgun's ghost, amateur DgFi


Innate Abilities, Weirdness & Mutations

You are tiny and cannot use many weapons and most armour.
You have supernaturally acute eyesight.
You are a herbivore.
You cover ground extremely quickly.
You need consume almost no food.


Message History

You feel sick. Shotgun's ghost hits you.
* * * LOW HITPOINT WARNING * * *
You hit Shotgun's ghost but do no damage.
Shotgun's ghost is moderately damaged.
* * * LOW HITPOINT WARNING * * *
You feel sick.
Shotgun's ghost seems less confused.
The kobold shoots a poisoned needle.
The poisoned needle misses you. Shotgun's ghost closely misses you.
You hit Shotgun's ghost but do no damage.
Shotgun's ghost is moderately damaged.
* * * LOW HITPOINT WARNING * * *
You feel sick.
The kobold shoots a poisoned needle.
The poisoned needle hits you!
You are more poisoned.
Shotgun's ghost closely misses you.
Drink which item? (? for menu, Esc to quit)
It was a potion of poison.
That liquid tasted very nasty...
You are more poisoned.
You die...

##.###.# #.....#
#..##.# #..##.####
#.....##.. ..
#...####.# .# # #...#
#.# .# .# #...# #W#
.###... ##..# #@#
......_ #..# #(###
.h.....
#..####(#.#####.h.....
#.......K....(.......⌠
#...........###.?.!...
##.#####...## ..#._..
#............ ..# ...
############# .## . .#


You could see Shotgun's ghost and a kobold.

Vanquished Creatures
  Natasha (D:3)
  4 adders (D:2)
  An ooze (D:2)
  3 worms (D:2)
  2 giant geckos
  2 giant cockroaches (D:1)
  6 goblins
  4 hobgoblins
  4 jackals
  2 ball pythons (D:1)
  5 bats
  3 giant newts
  3 kobolds (D:1)
  6 rats
46 creatures vanquished.

Vanquished Creatures (others)
  5 toadstools (D:1)
5 creatures vanquished.

Grand Total: 51 creatures vanquished

Notes
Turn   | Place    | Note
--------------------------------------------------------------
     0 | D:1      | juanjsm the Spriggan Enchanter began the quest for the Orb.
     0 | D:1      | Reached XP level 1. HP: 9/9 MP: 5/5
   108 | D:1      | Reached skill level 5 in Stealth
   128 | D:1      | Reached XP level 2. HP: 8/13 MP: 3/6
   141 | D:1      | Learned a level 2 spell: Ensorcelled Hibernation
   561 | D:2      | Reached XP level 3. HP: 11/16 MP: 0/8
   566 | D:2      | Learned a level 3 spell: Confuse
   681 | D:3      | Noticed Natasha
   684 | D:3      | Killed Natasha
   685 | D:3      | Reached XP level 4. HP: 14/21 MP: 4/9
   807 | D:2      | Reached skill level 6 in Stealth
  1179 | D:2      | Learned a level 3 spell: Dazzling Spray
  1236 | D:3      | Found a burning altar of Makhleb.
  1237 | D:3      | Noticed Natasha
  1239 | D:3      | Noticed Shotgun's ghost (amateur DgFi)
  1246 | D:3      | Found a white marble altar of Elyvilon.
  1273 | D:3      | HP: 1/21 [poisoned by a kobold]
  1274 | D:3      | Succumbed to poison (a potion of poison)

Action                   |  1- 3 |  4- 6 || total
-------------------------+-------+-------++-------
Melee: Dagger            |    70 |    37 ||   107
 Cast: Corona            |     6 |       ||     6
       Ensorcelled Hiber |     9 |    10 ||    19
       Confuse           |       |     2 ||     2
  Use: Potion            |       |     1 ||     1
 Stab: Sleeping          |    17 |    11 ||    28
       Distracted        |       |     1 ||     1
       Confused          |       |     1 ||     1
